HBL
SPOKANE RIVER RATS @ OMAHA STORM CHASERS
04/30/1997
 
TOP OF THE 1ST
Spokane River Rats batting - Pitching for Omaha Storm Chasers : RHP Calvin Maduro
Pitching: RHP Calvin Maduro
Batting: SHB Chuck Carr 0-0: Swinging Strike
0-1: Called Strike
0-2: Ball
1-2: Ground out 6-3 (Groundball, 6, EV 101.9 MPH)
Batting: LHB Andy Fox 0-0: Called Strike
0-1: Called Strike
0-2: Ball
1-2: Strikes out swinging
Batting: LHB Michael Tucker 0-0: Ball
1-0: Called Strike
1-1: Ground out U3 (Groundball, 34, EV 103.8 MPH)
Top of the 1st over - 0 runs, 0 hits, 0 errors, 0 left on base; Spokane 0 - Omaha 0
BOTTOM OF THE 1ST
Omaha Storm Chasers batting - Pitching for Spokane River Rats : LHP Scott Eyre
Pitching: LHP Scott Eyre
Batting: RHB Roberto Mejia 0-0: Ball
1-0: Ball
2-0: Ball
3-0: Base on Balls
Batting: RHB Hensley Meulens 0-0: Ball
1-0: Ball
Roberto Mejia is caught stealing 2nd base 2-4
2-0: Ball
3-0: Fly out, F9 (Flyball, 89D, EV 99.4 MPH)
Batting: RHB Eduardo Perez 0-0: Ball
1-0: Ball
2-0: Called Strike
2-1: Ball
3-1: Swinging Strike
3-2: Foul Ball, location: 2F
3-2: Ground out 6-3 (Groundball, 6M, EV 83.8 MPH)
Bottom of the 1st over - 0 runs, 0 hits, 0 errors, 0 left on base; Spokane 0 - Omaha 0
TOP OF THE 2ND
Spokane River Rats batting - Pitching for Omaha Storm Chasers : RHP Calvin Maduro
Batting: SHB Gene Kingsale 0-0: Ball
1-0: Fly out, F9 (Line Drive, 9, EV 93.1 MPH)
Batting: RHB Tony Rodriguez 0-0: SINGLE (Groundball, 6MD, EV 96.9 MPH)
Batting: SHB Luis M. Lopez 0-0: SINGLE (Line Drive, 34D, EV 110.0 MPH)
Tony Rodriguez to second
Batting: RHB Mark Dalesandro 0-0: Ball
1-0: Foul Ball, location: 2F
1-1: Swinging Strike
1-2: Foul Ball, location: 2F
1-2: Strikes out looking
Batting: SHB Doug Brady 0-0: Ball
1-0: Ball
2-0: Ball
3-0: Foul Ball, location: 2F
3-1: Foul Ball, location: 2F
3-2: Foul Ball, location: 2F
3-2: Strikes out looking
Top of the 2nd over - 0 runs, 2 hits, 0 errors, 2 left on base; Spokane 0 - Omaha 0
BOTTOM OF THE 2ND
Omaha Storm Chasers batting - Pitching for Spokane River Rats : LHP Scott Eyre
Batting: RHB Matt Mieske 0-0: Ball
1-0: Ball
2-0: Called Strike
2-1: Ball
3-1: Called Strike
3-2: Fly out, F7 (Flyball, 78M, EV 86.3 MPH)
Batting: RHB Mike Figga 0-0: Ball
1-0: Called Strike
1-1: Foul Ball, location: 2F
1-2: Foul Ball, location: 2F
1-2: Foul Ball, location: 2F
1-2: Ball
2-2: Strikes out looking
Batting: SHB Javier Valentin 0-0: Ball
1-0: Ball
2-0: Ground out 1-3 (Groundball, 15, EV 71.9 MPH)
Bottom of the 2nd over - 0 runs, 0 hits, 0 errors, 0 left on base; Spokane 0 - Omaha 0
TOP OF THE 3RD
Spokane River Rats batting - Pitching for Omaha Storm Chasers : RHP Calvin Maduro
Batting: RHB Jose Lind 0-0: Foul Ball, location: 2F
0-1: Ball
1-1: Swinging Strike
1-2: Foul Ball, location: 2F
1-2: Ball
2-2: Ball
3-2: SINGLE (Groundball, 34D, EV 98.8 MPH)
Batting: SHB Chuck Carr 0-0: Called Strike
0-1: SINGLE (Groundball, 4D, EV 101.9 MPH)
Jose Lind to second
Batting: LHB Andy Fox 0-0: Ball
1-0: Swinging Strike
1-1: Grounds into double play, 5-4-3 (Groundball, 5, EV 85.0 MPH)
Jose Lind to third
Batting: LHB Michael Tucker 0-0: DOUBLE (Flyball, 8RXD, EV 90.6 MPH)
Jose Lind scores
Batting: SHB Gene Kingsale 0-0: Ball
1-0: Ball
2-0: Fly out, F7 (Flyball, 7, EV 78.8 MPH)
Top of the 3rd over - 1 run, 3 hits, 0 errors, 1 left on base; Spokane 1 - Omaha 0
BOTTOM OF THE 3RD
Omaha Storm Chasers batting - Pitching for Spokane River Rats : LHP Scott Eyre
Batting: RHB Riccardo Ingram 0-0: Fly out, F8 (Flyball, 8LM, EV 83.1 MPH)
Batting: RHB Henry Blanco 0-0: Called Strike
0-1: Ball
1-1: Called Strike
1-2: Fly out, F9 (Flyball, 9LM, EV 91.3 MPH)
Batting: SHB Pablo Martinez 0-0: Swinging Strike
0-1: Swinging Strike
0-2: Ball
1-2: Ball
2-2: Fly out, F4 (Popup, 13, EV 68.8 MPH)
Bottom of the 3rd over - 0 runs, 0 hits, 0 errors, 0 left on base; Spokane 1 - Omaha 0
TOP OF THE 4TH
Spokane River Rats batting - Pitching for Omaha Storm Chasers : RHP Calvin Maduro
Batting: RHB Tony Rodriguez 0-0: Reached on error, E8 (Flyball, 8RM, EV 83.1 MPH)
Batting: SHB Luis M. Lopez 0-0: SINGLE (Line Drive, 34, EV 94.4 MPH)
Tony Rodriguez to second
Batting: RHB Mark Dalesandro 0-0: Ball
1-0: Foul Ball, location: 2F
1-1: Ball
2-1: Ball
3-1: Fly out, F8 (Line Drive, 8LD, EV 93.8 MPH)
Runner from 2nd tags up, SAFE at 3rd with throw by CF
Batting: SHB Doug Brady 0-0: Called Strike
0-1: Fly out, F8 (Flyball, 8LD, EV 109.4 MPH)
Runner from 3rd tags up, SCORES, throw by CF
Batting: RHB Jose Lind 0-0: Ball
1-0: Called Strike
1-1: Swinging Strike
1-2: Foul Ball, location: 2F
1-2: Ball
2-2: Foul Ball, location: 2F
2-2: Ground out U3 (Groundball, 34S, EV 83.1 MPH)
Top of the 4th over - 1 run, 1 hit, 1 error, 1 left on base; Spokane 2 - Omaha 0
BOTTOM OF THE 4TH
Omaha Storm Chasers batting - Pitching for Spokane River Rats : LHP Scott Eyre
Batting: RHB Roberto Mejia 0-0: Swinging Strike
0-1: Called Strike
0-2: Ball
1-2: Strikes out swinging
Batting: RHB Hensley Meulens 0-0: Ball
1-0: Fly out, F5 (Line Drive, 5, EV 71.9 MPH)
Batting: RHB Eduardo Perez 0-0: Ball
1-0: Ball
2-0: Fly out, F8 (Flyball, 8LS, EV 80.6 MPH)
Bottom of the 4th over - 0 runs, 0 hits, 0 errors, 0 left on base; Spokane 2 - Omaha 0
TOP OF THE 5TH
Spokane River Rats batting - Pitching for Omaha Storm Chasers : RHP Calvin Maduro
Batting: SHB Chuck Carr 0-0: Ball
1-0: Foul Ball, location: 2F
1-1: Ball
2-1: Foul Ball, location: 2F
2-2: Ball
3-2: SINGLE (Line Drive, 78M, EV 90.0 MPH)
Batting: LHB Andy Fox 0-0: Ball
1-0: Sac Bunt to 23 - play at first, batter OUT! 3-4
Chuck Carr to second
Batting: LHB Michael Tucker 0-0: Called Strike
0-1: Swinging Strike
0-2: Ball
1-2: Foul Ball, location: 2F
1-2: Ground out U3 (Groundball, 3L, EV 85.0 MPH)
Chuck Carr to third
Batting: SHB Gene Kingsale 0-0: Ball
1-0: Swinging Strike
1-1: Ball
2-1: Foul Ball, location: 2F
2-2: Fly out, F9 (Flyball, 9LD, EV 103.8 MPH)
Top of the 5th over - 0 runs, 1 hit, 0 errors, 1 left on base; Spokane 2 - Omaha 0
BOTTOM OF THE 5TH
Omaha Storm Chasers batting - Pitching for Spokane River Rats : LHP Scott Eyre
Batting: RHB Matt Mieske 0-0: Ball
1-0: Ball
2-0: Ball
3-0: Base on Balls
Batting: RHB Mike Figga 0-0: Fly out, F7 (Line Drive, 7, EV 93.1 MPH)
Batting: SHB Javier Valentin 0-0: Swinging Strike
0-1: Grounds into double play, 5-4-3 (Groundball, 56, EV 82.5 MPH)
Bottom of the 5th over - 0 runs, 0 hits, 0 errors, 0 left on base; Spokane 2 - Omaha 0
TOP OF THE 6TH
Spokane River Rats batting - Pitching for Omaha Storm Chasers : RHP Calvin Maduro
Batting: RHB Tony Rodriguez 0-0: SINGLE (Line Drive, 8LS, EV 99.4 MPH)
Batting: SHB Luis M. Lopez 0-0: Foul Ball, location: 2F
0-1: Ball
1-1: Ball
2-1: Grounds into double play, 6-4-3 (Groundball, 6, EV 81.9 MPH)
Batting: RHB Mark Dalesandro 0-0: Ball
1-0: Called Strike
1-1: Foul Ball, location: 2F
1-2: Strikes out looking
Top of the 6th over - 0 runs, 1 hit, 0 errors, 0 left on base; Spokane 2 - Omaha 0
BOTTOM OF THE 6TH
Omaha Storm Chasers batting - Pitching for Spokane River Rats : LHP Scott Eyre
Batting: RHB Riccardo Ingram 0-0: Called Strike
0-1: Ball
1-1: Ball
2-1: Ground out 6-3 (Groundball, 6S, EV 87.5 MPH)
Batting: RHB Henry Blanco 0-0: Called Strike
0-1: Fly out, F9 (Flyball, 9LM, EV 86.3 MPH)
Batting: SHB Pablo Martinez 0-0: Ball
1-0: Called Strike
1-1: Ball
2-1: Fly out, F8 (Flyball, 8RM, EV 90.6 MPH)
Bottom of the 6th over - 0 runs, 0 hits, 0 errors, 0 left on base; Spokane 2 - Omaha 0
TOP OF THE 7TH
Spokane River Rats batting - Pitching for Omaha Storm Chasers : RHP Calvin Maduro
Batting: SHB Doug Brady 0-0: Called Strike
0-1: SINGLE (Groundball, 4, EV 83.1 MPH) (infield hit)
Batting: RHB Jose Lind 0-0: Sac Bunt to 2R - play at first, batter OUT! 2-3
Doug Brady to second
Batting: SHB Chuck Carr 0-0: Called Strike
0-1: Ground out 5-3 (Groundball, 56S, EV 81.9 MPH)
Batting: LHB Andy Fox 0-0: Foul Ball, location: 2F
0-1: Ball
1-1: Ball
2-1: Ball
3-1: Swinging Strike
3-2: Foul Ball, location: 2F
3-2: SINGLE (Line Drive, 8RS, EV 95.6 MPH)
Doug Brady to third
Doug Brady scores
Batting: LHB Michael Tucker 0-0: Called Strike
Andy Fox steals 2nd base
0-1: Ball
1-1: Ball
2-1: SINGLE (Groundball, 56D, EV 93.8 MPH)
Andy Fox to third
Runner from 3rd tries for Home, throw by LF and OUT! 7-2
Top of the 7th over - 1 run, 3 hits, 0 errors, 1 left on base; Spokane 3 - Omaha 0
BOTTOM OF THE 7TH
Omaha Storm Chasers batting - Pitching for Spokane River Rats : LHP Scott Eyre
Batting: RHB Roberto Mejia 0-0: Ball
1-0: Fly out, F6 (Popup, 4MD, EV 67.5 MPH)
Batting: RHB Hensley Meulens 0-0: Swinging Strike
0-1: Foul Ball, location: 2F
0-2: Strikes out swinging
Batting: RHB Eduardo Perez 0-0: Foul Ball, location: 2F
0-1: Swinging Strike
0-2: Ball
1-2: Foul Ball, location: 2F
1-2: Fly out, F7 (Line Drive, 7, EV 98.1 MPH)
Bottom of the 7th over - 0 runs, 0 hits, 0 errors, 0 left on base; Spokane 3 - Omaha 0
TOP OF THE 8TH
Spokane River Rats batting - Pitching for Omaha Storm Chasers : RHP Calvin Maduro
Batting: SHB Gene Kingsale 0-0: Called Strike
0-1: Ball
1-1: Swinging Strike
1-2: Strikes out looking
Pitching: LHP Roberto Duran
Batting: RHB Tony Rodriguez 0-0: Ball
1-0: Ball
2-0: Ball
3-0: Called Strike
3-1: Base on Balls
Batting: SHB Luis M. Lopez 0-0: Ball
1-0: Ball
2-0: SINGLE (Groundball, 4D, EV 108.1 MPH)
Tony Rodriguez to second
Runner from 2nd tries for 3rd, SAFE, no throw by CF
Batting: RHB Mark Dalesandro 0-0: Called Strike
0-1: Swinging Strike
0-2: Strikes out swinging
Batting: SHB Doug Brady 0-0: Called Strike
0-1: Ball
1-1: Swinging Strike
1-2: Strikes out looking
Top of the 8th over - 0 runs, 1 hit, 0 errors, 2 left on base; Spokane 3 - Omaha 0
BOTTOM OF THE 8TH
Omaha Storm Chasers batting - Pitching for Spokane River Rats : LHP Scott Eyre
Batting: RHB Matt Mieske 0-0: Ball
1-0: Fly out, F8 (Flyball, 89M, EV 68.1 MPH)
Batting: RHB Mike Figga 0-0: Ball
1-0: Called Strike
1-1: Foul Ball, location: 2F
1-2: Ground out 6-3 (Groundball, 6, EV 76.9 MPH)
Batting: SHB Javier Valentin 0-0: Called Strike
0-1: Ball
1-1: Ball
2-1: Swinging Strike
2-2: Ground out 1-3 (Groundball, 13S, EV 65.6 MPH)
Bottom of the 8th over - 0 runs, 0 hits, 0 errors, 0 left on base; Spokane 3 - Omaha 0
TOP OF THE 9TH
Spokane River Rats batting - Pitching for Omaha Storm Chasers : LHP Roberto Duran
Batting: RHB Jose Lind 0-0: Ball
1-0: Called Strike
1-1: Ground out 5-3 (Groundball, 56S, EV 85.0 MPH)
Batting: SHB Chuck Carr 0-0: Foul Ball, location: 2F
0-1: Swinging Strike
0-2: Ball
1-2: Foul Ball, location: 2F
1-2: Ball
2-2: Strikes out swinging, 2-3 out at first.
Batting: LHB Andy Fox 0-0: Swinging Strike
0-1: Ball
1-1: Foul Ball, location: 2F
1-2: Foul Ball, location: 2F
1-2: Foul Ball, location: 2F
1-2: Ball
2-2: Ground out 5-3 (Groundball, 56S, EV 83.1 MPH)
Top of the 9th over - 0 runs, 0 hits, 0 errors, 0 left on base; Spokane 3 - Omaha 0
BOTTOM OF THE 9TH
Omaha Storm Chasers batting - Pitching for Spokane River Rats : LHP Scott Eyre
Batting: RHB Riccardo Ingram 0-0: TRIPLE (Line Drive, 89XD, EV 103.8 MPH)
Batting: RHB Henry Blanco 0-0: Called Strike
0-1: Ball
1-1: Foul Ball, location: 2F
1-2: Ball
2-2: Strikes out swinging
Batting: SHB Pablo Martinez 0-0: Ball
1-0: Ball
2-0: Ground out 6-3 (Groundball, 6, EV 102.5 MPH)
Riccardo Ingram scores
Pitching: LHP Matt Whisenant
Batting: RHB Roberto Mejia 0-0: Swinging Strike
0-1: Fly out, F9 (Flyball, 9D, EV 93.8 MPH)
Bottom of the 9th over - 1 run, 1 hit, 0 errors, 0 left on base; Spokane 3 - Omaha 1
Tuesday, February 3rd, 2026 - OOTP Baseball 20.8 Build 74